3L
KINGSTON TOWNSHIP LEGION @ THUNDER BAY NORTHERN LIONS BC
09/22/2021
 
TOP OF THE 1ST
Kingston Township Legion batting - Pitching for Thunder Bay Northern Lions BC : RHP Christian Pitts
Pitching: RHP Christian Pitts
Batting: LHB Wilfrid Savary 0-0: Ball
1-0: Foul Ball, location: 2F
1-1: Ball
2-1: Swinging Strike
2-2: Strikes out swinging
Batting: RHB Layton Templeman 0-0: Foul Ball, location: 2F
0-1: Foul Ball, location: 2F
0-2: Ball
1-2: Ball
2-2: Ground out 6-3 (Groundball, 6)
Batting: LHB Clay Rush 0-0: Ball
1-0: Foul Ball, location: 2F
1-1: Foul Ball, location: 2F
1-2: Ball
2-2: Ball
3-2: Ground out 4-3 (Groundball, 34)
Top of the 1st over - 0 run(s), 0 hit(s), 0 error(s), 0 left on base; Kingston Township 0 - Thunder Bay 0
BOTTOM OF THE 1ST
Thunder Bay Northern Lions BC batting - Pitching for Kingston Township Legion : LHP Shigemasa Horiuchi
Pitching: LHP Shigemasa Horiuchi
Batting: SHB Arnold Griffith 0-0: Ball
1-0: SINGLE (Line Drive, 56)
Batting: RHB Keith Burnett 0-0: Called Strike
0-1: Ball
1-1: Fly out, F8 (Flyball, 8LD)
Batting: RHB Brent Barlow 0-0: Swinging Strike
0-1: Called Strike
0-2: Ball
1-2: Foul Ball, location: 2F
1-2: Ball
2-2: Strikes out swinging
Batting: RHB Jonathan Cook 0-0: Ball
1-0: Fielders Choice at 2nd, U6 (Groundball, 6M)
Bottom of the 1st over - 0 run(s), 1 hit(s), 0 error(s), 1 left on base; Kingston Township 0 - Thunder Bay 0
TOP OF THE 2ND
Kingston Township Legion batting - Pitching for Thunder Bay Northern Lions BC : RHP Christian Pitts
Batting: LHB Gonzalo López 0-0: Ball
1-0: Ball
2-0: Ball
3-0: Called Strike
3-1: Called Strike
3-2: Ground out 4-3 (Groundball, 4)
Batting: RHB Akihiko Oike 0-0: Ball
1-0: Ball
2-0: Called Strike
2-1: Ball
3-1: Called Strike
3-2: Fly out, F7 (Flyball, 7D)
Batting: RHB António Varela 0-0: Fly out, F3 (Popup, 34)
Top of the 2nd over - 0 run(s), 0 hit(s), 0 error(s), 0 left on base; Kingston Township 0 - Thunder Bay 0
BOTTOM OF THE 2ND
Thunder Bay Northern Lions BC batting - Pitching for Kingston Township Legion : LHP Shigemasa Horiuchi
Batting: LHB John Brewer 0-0: Called Strike
0-1: SINGLE (Line Drive, 56)
Batting: LHB Juan Durán 0-0: SINGLE (Line Drive, 8LS)
John Brewer to second
Batting: LHB Curtis Peters 0-0: Ball
1-0: Swinging Strike
1-1: Fly out, F5 (Popup, 5F)
Batting: RHB Robert O'Connor 0-0: Called Strike
0-1: SINGLE (Line Drive, 78S)
John Brewer to third
Juan Durán to second
Batting: RHB Iván Vargas 0-0: Called Strike
0-1: Ball
1-1: Ball
2-1: Swinging Strike
2-2: Fly out, F7 (Line Drive, 7S)
Batting: SHB Arnold Griffith 0-0: Foul Ball, location: 2F
0-1: Ground out 6-3 (Groundball, 6)
Bottom of the 2nd over - 0 run(s), 3 hit(s), 0 error(s), 3 left on base; Kingston Township 0 - Thunder Bay 0
TOP OF THE 3RD
Kingston Township Legion batting - Pitching for Thunder Bay Northern Lions BC : RHP Christian Pitts
Batting: RHB Pedro Mendoza 0-0: Ball
1-0: SINGLE (Flyball, 8RS)
Batting: RHB Vicente Toro 0-0: Foul Ball, location: 2F
0-1: Ball
1-1: Fly out, F9 (Flyball, 9LM)
Batting: RHB Nectanebos Dolenian 0-0: Ball
1-0: Grounds into double play, 6-4-3 (Groundball, 6)
Top of the 3rd over - 0 run(s), 1 hit(s), 0 error(s), 0 left on base; Kingston Township 0 - Thunder Bay 0
BOTTOM OF THE 3RD
Thunder Bay Northern Lions BC batting - Pitching for Kingston Township Legion : LHP Shigemasa Horiuchi
Batting: RHB Keith Burnett 0-0: Called Strike
0-1: Foul Ball, location: 2F
0-2: Foul Ball, location: 2F
0-2: SINGLE (Groundball, 4D)
Batting: RHB Brent Barlow 0-0: Called Strike
0-1: Ball
1-1: Swinging Strike
1-2: Ball
2-2: Strikes out swinging
Batting: RHB Jonathan Cook 0-0: Called Strike
0-1: Ball
1-1: Foul Ball, location: 2F
1-2: Strikes out swinging
Batting: LHB John Brewer 0-0: Called Strike
0-1: Swinging Strike
0-2: Strikes out swinging
Bottom of the 3rd over - 0 run(s), 1 hit(s), 0 error(s), 1 left on base; Kingston Township 0 - Thunder Bay 0
TOP OF THE 4TH
Kingston Township Legion batting - Pitching for Thunder Bay Northern Lions BC : RHP Christian Pitts
Batting: LHB Wilfrid Savary 0-0: Ball
1-0: Called Strike
1-1: Swinging Strike
1-2: Strikes out swinging passed ball, reaches first!
Batting: RHB Layton Templeman 0-0: Foul Ball, location: 2F
0-1: Ball
1-1: Foul Ball, location: 2F
1-2: Foul Ball, location: 2F
1-2: Strikes out swinging
Batting: LHB Clay Rush 0-0: Ball
Wilfrid Savary steals 2nd base
1-0: Ball
2-0: Ball
3-0: Called Strike
3-1: Called Strike
3-2: Fly out, F7 (Flyball, 7LS)
Batting: LHB Gonzalo López 0-0: Intentional Walk
Batting: RHB Akihiko Oike 0-0: Ball
1-0: Called Strike
1-1: Called Strike
1-2: Ball
2-2: Ground out 6-3 (Groundball, 6)
Top of the 4th over - 0 run(s), 0 hit(s), 0 error(s), 2 left on base; Kingston Township 0 - Thunder Bay 0
BOTTOM OF THE 4TH
Thunder Bay Northern Lions BC batting - Pitching for Kingston Township Legion : LHP Shigemasa Horiuchi
Batting: LHB Juan Durán 0-0: Called Strike
0-1: Foul Ball, location: 2F
0-2: Ball
1-2: Fly out, F9 (Flyball, 9M)
Batting: LHB Curtis Peters 0-0: Called Strike
0-1: Foul Ball, location: 2F
0-2: Ball
1-2: Ball
2-2: Foul Ball, location: 2F
2-2: Ground out 6-3 (Groundball, 6)
Batting: RHB Robert O'Connor 0-0: Fly out, F4 (Popup, 4)
Bottom of the 4th over - 0 run(s), 0 hit(s), 0 error(s), 0 left on base; Kingston Township 0 - Thunder Bay 0
TOP OF THE 5TH
Kingston Township Legion batting - Pitching for Thunder Bay Northern Lions BC : RHP Christian Pitts
Batting: RHB António Varela 0-0: Ball
1-0: Called Strike
1-1: SINGLE (Groundball, 4M)
Batting: RHB Pedro Mendoza 0-0: Bunted foul
0-1: Bunted foul
0-2: Ball
1-2: Grounds into double play, 5-4-3 (Groundball, 5)
Batting: RHB Vicente Toro 0-0: Ball
1-0: Called Strike
1-1: Swinging Strike
1-2: Ball
2-2: Foul Ball, location: 2F
2-2: Ball
3-2: Strikes out swinging
Top of the 5th over - 0 run(s), 1 hit(s), 0 error(s), 0 left on base; Kingston Township 0 - Thunder Bay 0
BOTTOM OF THE 5TH
Thunder Bay Northern Lions BC batting - Pitching for Kingston Township Legion : LHP Shigemasa Horiuchi
Batting: RHB Iván Vargas 0-0: Ball
1-0: Called Strike
1-1: Ball
2-1: Ground out 6-3 (Groundball, 6)
Batting: SHB Arnold Griffith 0-0: Ball
1-0: Swinging Strike
1-1: Swinging Strike
1-2: Ball
2-2: Strikes out swinging
Batting: RHB Keith Burnett 0-0: Called Strike
0-1: Fly out, F9 (Flyball, 89D)
Bottom of the 5th over - 0 run(s), 0 hit(s), 0 error(s), 0 left on base; Kingston Township 0 - Thunder Bay 0
TOP OF THE 6TH
Kingston Township Legion batting - Pitching for Thunder Bay Northern Lions BC : RHP Christian Pitts
Batting: RHB Nectanebos Dolenian 0-0: Ground out 5-3 (Groundball, 56)
Batting: LHB Wilfrid Savary 0-0: Called Strike
0-1: SINGLE (Groundball, 6M)
Batting: RHB Layton Templeman 0-0: Ball
1-0: Ground out 5-3 (Groundball, 56)
Wilfrid Savary to second
Batting: LHB Clay Rush 0-0: Ball
1-0: Foul Ball, location: 2F
1-1: Foul Ball, location: 2F
1-2: Ground out 4-3 (Groundball, 4S)
Top of the 6th over - 0 run(s), 1 hit(s), 0 error(s), 1 left on base; Kingston Township 0 - Thunder Bay 0
BOTTOM OF THE 6TH
Thunder Bay Northern Lions BC batting - Pitching for Kingston Township Legion : LHP Shigemasa Horiuchi
Batting: RHB Brent Barlow 0-0: Called Strike
0-1: Ground out 5-3 (Groundball, 56)
Batting: RHB Jonathan Cook 0-0: SINGLE (Groundball, 4M)
Batting: LHB John Brewer 0-0: Ball
1-0: Foul Ball, location: 2F
1-1: Ball
2-1: Foul Ball, location: 2F
2-2: Foul Ball, location: 2F
2-2: Grounds into double play, 6-4-3 (Groundball, 6)
Bottom of the 6th over - 0 run(s), 1 hit(s), 0 error(s), 0 left on base; Kingston Township 0 - Thunder Bay 0
TOP OF THE 7TH
Kingston Township Legion batting - Pitching for Thunder Bay Northern Lions BC : RHP Christian Pitts
Batting: LHB Gonzalo López 0-0: Ball
1-0: Ball
2-0: Called Strike
2-1: Foul Ball, location: 2F
2-2: Ball
3-2: Foul Ball, location: 2F
3-2: Ground out 2-3 (Groundball, 25)
Batting: RHB Akihiko Oike 0-0: Called Strike
0-1: Ball
1-1: Foul Ball, location: 2F
1-2: Foul Ball, location: 2F
1-2: Strikes out swinging
Batting: RHB António Varela 0-0: Ball
1-0: Foul Ball, location: 2F
1-1: Swinging Strike
1-2: Ball
2-2: Foul Ball, location: 2F
2-2: Ball
3-2: Ground out 5-3 (Groundball, 5S)
Top of the 7th over - 0 run(s), 0 hit(s), 0 error(s), 0 left on base; Kingston Township 0 - Thunder Bay 0
BOTTOM OF THE 7TH
Thunder Bay Northern Lions BC batting - Pitching for Kingston Township Legion : LHP Shigemasa Horiuchi
Batting: LHB Juan Durán 0-0: Called Strike
0-1: Foul Ball, location: 2F
0-2: Foul Ball, location: 2F
0-2: SINGLE (Line Drive, 4D)
Batting: LHB Curtis Peters 0-0: Ball
Juan Durán is caught stealing 2nd base
1-0: DOUBLE (Flyball, 89XD)
Batting: RHB Robert O'Connor 0-0: Intentional Walk
Batting: RHB Iván Vargas 0-0: Ball
Robert O'Connor steals 2nd base
Curtis Peters to third
1-0: Called Strike
1-1: Foul Ball, location: 2F
1-2: Fly out, F6 (Popup, 6M)
Batting: SHB Arnold Griffith 0-0: Intentional Walk
Batting: RHB Keith Burnett 0-0: Called Strike
0-1: Swinging Strike
0-2: Strikes out swinging
Bottom of the 7th over - 0 run(s), 2 hit(s), 0 error(s), 3 left on base; Kingston Township 0 - Thunder Bay 0
TOP OF THE 8TH
Kingston Township Legion batting - Pitching for Thunder Bay Northern Lions BC : RHP Christian Pitts
Pitching: RHP Rafael Cardona
Pinch Hitting: LHB Forrest McCooke 0-0: Ball
1-0: Fly out, F8 (Line Drive, 8RM)
Batting: RHB Vicente Toro 0-0: Ball
1-0: Ground out 5-3 (Groundball, 56)
Batting: RHB Nectanebos Dolenian 0-0: Ball
1-0: Ball
2-0: Called Strike
2-1: TRIPLE (Line Drive, 78M)
Batting: LHB Wilfrid Savary 0-0: Ball
1-0: Ground out 4-3 (Groundball, 4)
Top of the 8th over - 0 run(s), 1 hit(s), 0 error(s), 1 left on base; Kingston Township 0 - Thunder Bay 0
BOTTOM OF THE 8TH
Thunder Bay Northern Lions BC batting - Pitching for Kingston Township Legion : LHP Shigemasa Horiuchi
Now at SS: Forrest McCooke
Batting: RHB Brent Barlow 0-0: SINGLE (Line Drive, 5D)
Batting: RHB Jonathan Cook 0-0: Ball
1-0: Called Strike
1-1: Called Strike
1-2: SINGLE (Groundball, 4MD)
Brent Barlow to second
Pitching: RHP Jesús Prieto
Batting: LHB John Brewer 0-0: Grounds into double play, 4-6-3 (Groundball, 4)
Brent Barlow to third
Batting: LHB Juan Durán 0-0: Swinging Strike
0-1: Ball
1-1: Foul Ball, location: 2F
1-2: Ground out U3 (Groundball, 3)
Bottom of the 8th over - 0 run(s), 2 hit(s), 0 error(s), 1 left on base; Kingston Township 0 - Thunder Bay 0
TOP OF THE 9TH
Kingston Township Legion batting - Pitching for Thunder Bay Northern Lions BC : RHP Rafael Cardona
Pitching: LHP Jake O'Tomalty
Batting: RHB Layton Templeman 0-0: Ball
1-0: Ball
2-0: Foul Ball, location: 2F
2-1: Called Strike
2-2: Ball
3-2: Strikes out swinging
Batting: LHB Clay Rush 0-0: Ball
1-0: Swinging Strike
1-1: Fly out, F9 (Line Drive, 89D)
Batting: LHB Gonzalo López 0-0: Ball
1-0: Ball
2-0: Foul Ball, location: 2F
2-1: Ball
3-1: Base on Balls
Batting: RHB Akihiko Oike 0-0: Called Strike
Gonzalo López steals 2nd base
0-1: Fly out, F7 (Flyball, 78S)
Top of the 9th over - 0 run(s), 0 hit(s), 0 error(s), 1 left on base; Kingston Township 0 - Thunder Bay 0
BOTTOM OF THE 9TH
Thunder Bay Northern Lions BC batting - Pitching for Kingston Township Legion : RHP Jesús Prieto
Batting: LHB Curtis Peters 0-0: Ball
1-0: Ball
2-0: Fly out, F7 (Flyball, 7LM)
Batting: RHB Robert O'Connor 0-0: Ball
1-0: Ball
2-0: Called Strike
2-1: Ball
3-1: Swinging Strike
3-2: Strikes out looking
Pinch Hitting: LHB Reijiro Sato 0-0: Called Strike
0-1: Ball
1-1: Ground out U3 (Groundball, 3S)
Bottom of the 9th over - 0 run(s), 0 hit(s), 0 error(s), 0 left on base; Kingston Township 0 - Thunder Bay 0
TOP OF THE 10TH
Kingston Township Legion batting - Pitching for Thunder Bay Northern Lions BC : LHP Jake O'Tomalty
Now at 3B: Tomás Gonzáles
Batting: RHB António Varela 0-0: Ball
1-0: Foul Ball, location: 2F
1-1: Ball
2-1: Ball
3-1: Called Strike
3-2: Base on Balls
Batting: LHB Forrest McCooke 0-0: Sac Bunt - play at first, batter OUT! 3-4
António Varela to second
Batting: RHB Vicente Toro 0-0: Intentional Walk
Pinch Hitting: RHB Raúl Valadez 0-0: Called Strike
António Varela steals 3rd base
Vicente Toro to second
0-1: Fly out, F9 (Flyball, 9S)
Batting: LHB Wilfrid Savary 0-0: Called Strike
0-1: Ball
1-1: Foul Ball, location: 2F
1-2: Foul Ball, location: 2F
1-2: Foul Ball, location: 2F
1-2: Ball
2-2: Strikes out swinging
Top of the 10th over - 0 run(s), 0 hit(s), 0 error(s), 2 left on base; Kingston Township 0 - Thunder Bay 0
BOTTOM OF THE 10TH
Thunder Bay Northern Lions BC batting - Pitching for Kingston Township Legion : RHP Jesús Prieto
Now at C: Carlos Mercado
Batting: SHB Arnold Griffith 0-0: Called Strike
0-1: Ball
1-1: Ball
2-1: Ball
3-1: Ground out U3 (Groundball, 3)
Batting: RHB Keith Burnett 0-0: Ball
1-0: Swinging Strike
1-1: Foul Ball, location: 2F
1-2: Strikes out swinging
Batting: RHB Brent Barlow 0-0: Ball
1-0: Ball
2-0: Foul Ball, location: 2F
2-1: Ball
3-1: SINGLE (Flyball, 89S)
Batting: RHB Jonathan Cook 0-0: Called Strike
0-1: Fly out, F7 (Flyball, 78M)
Bottom of the 10th over - 0 run(s), 1 hit(s), 0 error(s), 1 left on base; Kingston Township 0 - Thunder Bay 0
TOP OF THE 11TH
Kingston Township Legion batting - Pitching for Thunder Bay Northern Lions BC : LHP Jake O'Tomalty
Pitching: LHP Mhelter Vitor
Batting: RHB Layton Templeman 0-0: Called Strike
0-1: Ground out 2-3 (Groundball, 25)
Batting: LHB Clay Rush 0-0: Called Strike
0-1: Ball
1-1: Ball
2-1: Called Strike
2-2: Strikes out looking
Batting: LHB Gonzalo López 0-0: Called Strike
0-1: Swinging Strike
0-2: Ball
1-2: Foul Ball, location: 2F
1-2: Ball
2-2: Ball
3-2: Foul Ball, location: 2F
3-2: SINGLE (Groundball, 4MD)
Batting: RHB Akihiko Oike 0-0: Ball
1-0: Ball
2-0: Foul Ball, location: 2F
2-1: Foul Ball, location: 2F
2-2: Foul Ball, location: 2F
2-2: Ball
Gonzalo López is caught stealing 2nd base
Top of the 11th over - 0 run(s), 1 hit(s), 0 error(s), 0 left on base; Kingston Township 0 - Thunder Bay 0
BOTTOM OF THE 11TH
Thunder Bay Northern Lions BC batting - Pitching for Kingston Township Legion : RHP Jesús Prieto
Batting: LHB John Brewer 0-0: Foul Ball, location: 2F
0-1: Ball
1-1: SINGLE (Flyball, 78S)
Batting: LHB Juan Durán 0-0: Fly out, F9 (Line Drive, 89M)
Batting: LHB Curtis Peters 0-0: Called Strike
0-1: Ball
1-1: Ground out 5-3 (Groundball, 56S)
John Brewer to second
Batting: RHB Robert O'Connor 0-0: Intentional Walk
Batting: RHB Tomás Gonzáles 0-0: Ball
1-0: Called Strike
1-1: Swinging Strike
1-2: Ball
2-2: Foul Ball, location: 2F
2-2: Strikes out swinging
Bottom of the 11th over - 0 run(s), 1 hit(s), 0 error(s), 2 left on base; Kingston Township 0 - Thunder Bay 0
TOP OF THE 12TH
Kingston Township Legion batting - Pitching for Thunder Bay Northern Lions BC : LHP Mhelter Vitor
Batting: RHB Akihiko Oike 0-0: Called Strike
0-1: Swinging Strike
0-2: Foul Ball, location: 2F
0-2: Ball
1-2: Ground out 6-3 (Groundball, 6)
Batting: RHB António Varela 0-0: Called Strike
0-1: Ball
1-1: Swinging Strike
1-2: Ball
2-2: Ball
3-2: Fly out, F9 (Flyball, 89M)
Batting: LHB Forrest McCooke 0-0: Called Strike
0-1: Ball
1-1: Foul Ball, location: 2F
1-2: Strikes out swinging
Top of the 12th over - 0 run(s), 0 hit(s), 0 error(s), 0 left on base; Kingston Township 0 - Thunder Bay 0
BOTTOM OF THE 12TH
Thunder Bay Northern Lions BC batting - Pitching for Kingston Township Legion : RHP Jesús Prieto
Pitching: RHP Bruce Hamilton
Batting: SHB Arnold Griffith 0-0: Ground out 6-3 (Groundball, 6)
Batting: RHB Keith Burnett 0-0: Ball
1-0: Foul Ball, location: 2F
1-1: Ball
2-1: Ground out 6-3 (Groundball, 6M)
Batting: RHB Brent Barlow 0-0: Ball
1-0: Swinging Strike
1-1: Called Strike
1-2: Ball
2-2: Strikes out swinging
Bottom of the 12th over - 0 run(s), 0 hit(s), 0 error(s), 0 left on base; Kingston Township 0 - Thunder Bay 0
TOP OF THE 13TH
Kingston Township Legion batting - Pitching for Thunder Bay Northern Lions BC : LHP Mhelter Vitor
Batting: RHB Vicente Toro 0-0: Called Strike
0-1: Ball
1-1: Ball
2-1: Fly out, F5 (Line Drive, 5S)
Batting: RHB Carlos Mercado 0-0: Called Strike
0-1: Called Strike
0-2: Ball
1-2: Strikes out looking
Batting: LHB Wilfrid Savary 0-0: Called Strike
0-1: Swinging Strike
0-2: Foul Ball, location: 2F
0-2: Ball
1-2: Strikes out swinging wild pitch, reaches first!
Batting: RHB Layton Templeman 0-0: Called Strike
0-1: Ball
1-1: Fly out, F8 (Flyball, 8RS)
Top of the 13th over - 0 run(s), 0 hit(s), 0 error(s), 1 left on base; Kingston Township 0 - Thunder Bay 0
BOTTOM OF THE 13TH
Thunder Bay Northern Lions BC batting - Pitching for Kingston Township Legion : RHP Bruce Hamilton
Batting: RHB Jonathan Cook 0-0: Ball
1-0: Foul Ball, location: 2F
1-1: Foul Ball, location: 2F
1-2: Ball
2-2: Foul Ball, location: 2F
2-2: Strikes out swinging
Batting: LHB John Brewer 0-0: Foul Ball, location: 2F
0-1: SOLO HOME RUN (Flyball, 9D), Distance : 353 ft
This league is powered by Out of the Park Baseball, the baseball management simulation game for PC, Mac and Linux
Friday, January 22nd, 2016 - OOTP Baseball 16.9 Build 39